 Dungeon Crawl Stone Soup version 0.29-a0-43-g62a80824bf (webtiles) character file.

Game seed: 16079054925354027097

38 senseless the Ducker (level 3, 0/17 HPs)
             Began as a Felid Fighter on Feb 2, 2022.
             Slain by a kobold (3 damage)
             ... on level 2 of the Dungeon.
             The game lasted 00:01:28 (1431 turns).

senseless the Ducker (Felid Fighter)                Turns: 1431, Time: 00:01:28

Health: 0/17       AC:  1    Str: 12    XL:     3   Next: 25%
Magic:  4/4        EV: 19    Int:  9    God:
Gold:   59         SH:  0    Dex: 17    Spells: 2/2 levels left
                                        Lives:  0   Deaths: 0

rFire   . . .      SeeInvis +     - Unarmed
rCold   . . .      Faith    .   (shield unavailable)
rNeg    . . .      Spirit   .   (armour unavailable)
rPois   .          Reflect  .   (helmet unavailable)
rElec   .          Harm     .   (cloak unavailable)
rCorr   .          Rampage  .   (gloves unavailable)
Will    .....                   (boots unavailable)
Stlth   ++........              (no amulet)
HPRegen 0.05/turn               (no ring)
MPRegen 0.09/turn               (no ring)

@: quick
A: very small, claws 1, fangs 3, see invisible, speed 1, shaggy fur 1, stealthy
paws, no weapons or thrown items, no armour, multi-lived
a: no special abilities


You were on level 2 of the Dungeon.
You visited 1 branch of the dungeon, and saw 2 of its levels.

You collected 59 gold pieces.

Inventory:

Scrolls
 d - a scroll of teleportation {unknown}
Potions
 a - 2 potions of might
 b - a potion of curing {unknown}
 c - a potion of lignification {unknown}


   Skills:
 + Level 3.2 Fighting
 + Level 4.6 Dodging
 + Level 0.7 Stealth
 + Level 4.5 Unarmed Combat


You had 2 spell levels left.
You didn't know any spells.
Your spell library contained the following spells:

 Spells                   Type           Power      Damage    Failure   Level
 Sublimation of Blood     Necr           0%         N/A       52%         2
 Petrify                  Tmut/Erth      0%         N/A       99%         4
 Irradiate                Conj/Tmut      0%         3d13      100%        5


Dungeon Overview and Level Annotations

Branches:
Dungeon (2/15)

Altars:

Shops:
D:1 [(


Innate Abilities, Weirdness & Mutations

You have sharp claws.
You have razor-sharp teeth.
You have supernaturally acute eyesight. (SInv)
You cover ground quickly. (Speed+)
You are covered in fur. (AC +1)
Your paws help you pounce on unaware monsters.
You are incapable of wielding weapons or throwing items.
You cannot wear armour.
You gain extra lives every three experience levels.


Message History

The hobgoblin closely misses you.
You barely miss the hobgoblin.
A kobold comes into view. It is wielding a +0 short sword.
The hobgoblin misses you.
You closely miss the hobgoblin. The hobgoblin hits you.
You barely miss the hobgoblin. The hobgoblin hits you.
You scratch the hobgoblin.
The hobgoblin is severely wounded.
The rat closely misses you. The hobgoblin hits you.
You completely miss the hobgoblin.
The hobgoblin is severely wounded.
The rat completely misses you. The hobgoblin closely misses you.
You barely miss the hobgoblin.
The kobold shouts!
You claw the hobgoblin.
The hobgoblin is almost dead.
The rat completely misses you.
You scratch the hobgoblin but do no damage.
You bite the hobgoblin.
You kill the hobgoblin!
You barely miss the rat. The rat misses you.
You claw the rat!
You kill the rat!
The kobold throws a stone.
The stone hits you.
The kobold hits you with a +0 short sword.
You are too injured to fight recklessly!
You are too injured to fight recklessly!
You are too injured to fight recklessly!
You barely miss the kobold. You bite the kobold.
The kobold is severely wounded.
The kobold misses you.
You scratch the kobold but do no damage.
Your bite misses the kobold.
The kobold is severely wounded.
The kobold hits you with a +0 short sword.
* * * LOW HITPOINT WARNING * * *
You closely miss the kobold.
The kobold is severely wounded.
The kobold hits you with a +0 short sword.
You die...

..........#..#
.........###.##########
.##....................
# ##....#........#####
#..#...##.###.....#
..........#......##..##
....####....####..##...
##... ##.#.....#....##
#... #.....#@.....!.#
####...K.#......
####...#.....
###......# ...####
..... ###.## ..


You could see a kobold.

Vanquished Creatures
  An adder (D:2)
  2 bats (D:1)
  4 endoplasms
  3 giant cockroaches (D:1)
  6 hobgoblins
  2 kobolds
  4 frilled lizards
  3 rats
25 creatures vanquished.

Notes
Turn   | Place    | Note
-------+----------+-------------------------------------------
     0 | D:1      | senseless the Felid Fighter began the quest for the Orb.
     0 | D:1      | Reached XP level 1. HP: 10/10 MP: 2/2
   119 | D:1      | Found Efonurhe's Antique Weapon Emporium.
   251 | D:1      | Found Kafrug's Antique Armour Shoppe.
   535 | D:1      | Reached XP level 2. HP: 9/14 MP: 3/3
  1137 | D:2      | Identified the +2 robe of Yluzom {Will+}
  1207 | D:2      | Reached XP level 3. HP: 7/17 MP: 4/4
  1431 | D:2      | Slain by a kobold

Illustrated notes

Levels and vault maps discovered:
D:1:      dpeg_arrival_round_b, layout_basic, serial_shops, shop,
          nicolae_shop_behind_doors, hangedman_abyss_or_decor_lesser_grid
D:2:      layout_rooms, ebering_ecumenical_altar_mist

Action                   || total
-------------------------++-------
Melee: Unarmed           ||    74
       Bite              ||     7
       Punch             ||     2
 Stab: Sleeping          ||     2
Armor: Skin              ||     4
Dodge: Dodged            ||    55

Table legend: (Time is in decaauts)
 A = Elapsed time spent in this place.
 B = Non-inter-level travel time spent in this place.
 C = Inter-level travel time spent in this place.
 D = Time resting spent in this place.
 E = Time spent auto-exploring this place.
 F = Levels seen in this place.
 G = Mean time per level.
                   A        B        C        D        E       F      G
               +--------+--------+--------+--------+--------+-----+--------+
         Total |   1292 |   1268 |     24 |      0 |   1114 |   2 |  646.0 |
       Dungeon |   1292 |   1268 |     24 |      0 |   1114 |   2 |  646.0 |
               +--------+--------+--------+--------+--------+-----+--------+

Top non-repeatable levels by time:
     D:1: 985 daAuts
     D:2: 307 daAuts
